 Dungeon Crawl Stone Soup version 0.30-a0-457-g4b7bca3bfa (webtiles) character file.

Game seed: 3088790651885868791

420532 jlumianski the Peltast (level 22, -24/170 (188) HPs)
             Began as a Demonspawn Fighter on Dec 13, 2022.
             Was an Elder of Qazlal.
             Killed from afar by a deep elf annihilator (36 damage)
             ... with a crystal spear
             ... on level 5 of the Vaults on Dec 14, 2022.
             The game lasted 05:51:26 (50155 turns).

jlumianski the Peltast (Demonspawn Fighter)        Turns: 50155, Time: 05:51:27

HP:   -24/170 (188) AC: 53    Str: 29    XL:     22   Next: 64%
MP:   26/35         EV:  4    Int: 12    God:    Qazlal [****..]
Gold: 3084          SH: 22    Dex: 12    Spells: 21/21 levels left

rFire   . . .      SeeInvis +    B - +6 broad axe (flame)
rCold   . . .      Faith    .    c - +2 kite shield
rNeg    + . .      Spirit   .    r - +11 crystal plate armour of Lugonu's Vengeance {rElec rN+ rCorr}
rPois   +          Reflect  .    (helmet unavailable)
rElec   +          Harm     .    p - +2 cloak of Vlad {SInv Stlth+}
rCorr   +          Rampage  +    X - +2 pair of gloves {infuse}
Will    ++...                    D - +1 pair of boots of the Chupacabra {Rampage rPois Str+3}
Stlth   ..........               N - amulet of Vitality {RegenMP++ Regen++}
HPRegen 2.08/turn                o - +4 ring of slaying
MPRegen 1.04/turn                s - +4 ring of slaying

@: mighty, protected from physical damage, constricted, drained, repel missiles
A: antennae 3, slimy green scales 3, demonic guardian 3, foul stench 2, torment
resistance 1, demonic willpower
}: 2/15 runes: barnacled, gossamer
a: Renounce Religion, Upheaval, Elemental Force


You were on level 5 of the Vaults.
You worshipped Qazlal.
Qazlal was greatly pleased with you.
You visited 8 branches of the dungeon, and saw 39 of its levels.
You also visited: Trove and Wizlab.

You collected 4775 gold pieces.
You spent 1691 gold pieces at shops.

Inventory:

Hand Weapons
 B - a +6 broad axe of flaming (weapon)
 U - the +1 long sword of Saltpetre {spect, Drain rF+++ rC+ Int+3}
   (You found it on level 4 of the Shoals)

   When its wielder attacks, the weapon's spirit leaps out and strikes again.
   The spirit shares a part of any damage it takes with its wielder.
   Int:       It affects your intelligence (+3).
   rF:        It renders you almost immune to fire.
   rC:        It protects you from cold.
   Drain:     It drains your maximum health when unequipped.
Missiles
 a - 2 throwing nets
 i - 10 atropa-tipped darts
 t - 39 boomerangs (quivered)
 O - 6 boomerangs of dispersal
Armour
 c - a +2 kite shield (worn)
 p - the +2 cloak of Vlad (worn) {SInv Stlth+}
   (You found it in a treasure trove)

   SInv:      It lets you see invisible.
   Stlth:     It makes you more stealthy.
 r - the +11 crystal plate armour of Lugonu's Vengeance (worn) {rElec rN+ rCorr}
   (You acquired it on level 4 of the Dungeon)

   rElec:     It insulates you from electricity.
   rN:        It protects you from negative energy.
   rCorr:     It protects you from acid and corrosion.
 v - a scarf of invisibility
 D - the +1 pair of boots of the Chupacabra (worn) {Rampage rPois Str+3}
   (You found it in a treasure trove)

   Str:       It affects your strength (+3).
   rPois:     It protects you from poison.
   Rampage:   It bestows one free step when moving towards enemies.
 R - a +0 kite shield
 X - a +2 pair of gloves of infusion (worn)
Jewellery
 d - an amulet of faith
 f - a ring of flight
 o - a +4 ring of slaying (left hand)
 s - a +4 ring of slaying (right hand)
 x - a ring of willpower
 z - the ring "Bufehasa" {rF- Str+10 Int+6 Dex+7}
   (You found it on level 3 of the Elven Halls)

   [ring of intelligence]

   Str:       It affects your strength (+10).
   Int:       It affects your intelligence (+6).
   Dex:       It affects your dexterity (+7).
   rF:        It makes you vulnerable to fire.
 N - the amulet of Vitality (around neck) {RegenMP++ Regen++}
   (You took it off a deep elf elementalist on level 3 of the Elven Halls)

   [amulet of magic regeneration]

   It increases your rate of magic regeneration.
   Regen:     It increases your rate of health regeneration.
Wands
 e - a wand of flame (38)
 w - a wand of mindburst (8)
 E - a wand of digging (6)
 J - a wand of roots (27)
 M - a wand of paralysis (35)
Scrolls
 b - 4 scrolls of immolation
 h - 5 scrolls of poison
 k - 4 scrolls of silence
 l - 4 scrolls of fear
 m - 3 scrolls of magic mapping
 y - 2 scrolls of summoning
 G - 11 scrolls of teleportation
 P - 5 scrolls of blinking
 W - 3 scrolls of fog
Potions
 g - 6 potions of might
 j - 13 potions of curing
 A - 9 potions of haste
 F - 2 potions of flight
 H - 4 potions of heal wounds
 I - 3 potions of cancellation
 L - 3 potions of invisibility
 S - 4 potions of berserk rage
 T - 6 potions of resistance
Miscellaneous
 q - a condenser vane (inert)
 u - a tin of tremorstones (1/2)
 V - a phantom mirror


   Skills:
 * Level 19.4 Fighting
 - Level 18.0(18.1) Axes
 - Level 3.2(12.2) Polearms
 + Level 3.3 Throwing
 * Level 17.7 Armour
 + Level 2.0 Dodging
 - Level 1.5 Stealth
 + Level 19.4 Shields
 * Level 18.6 Invocations
 - Level 13.9 Evocations


You had 21 spell levels left.
You didn't know any spells.
Your spell library contained the following spells:

 Spells                   Type           Power      Damage    Failure   Level
 Beastly Appendage        Tmut           0%         N/A       99%         1
 Foxfire                  Conj/Fire      0%         2x1d4     99%         1
 Kiss of Death            Conj/Necr      0%         2d5       99%         1
 Magic Dart               Conj           0%         1d3       99%         1
 Slow                     Hex            0%         N/A       99%         1
 Summon Small Mammal      Summ           0%         N/A       99%         1
 Call Imp                 Summ           0%         N/A       100%        2
 Ensorcelled Hibernation  Hex/Ice        0%         N/A       100%        2
 Scorch                   Fire           0%         2d5       100%        2
 Searing Ray              Conj           0%         2d4       100%        2
 Sublimation of Blood     Necr           0%         N/A       100%        2
 Wereblood                Tmut           0%         N/A       100%        2
 Call Canine Familiar     Summ           0%         N/A       100%        3
 Confusing Touch          Hex            0%         N/A       100%        3
 Gell's Gravitas          Tloc           0%         N/A       100%        3
 Ignite Poison            Fire/Tmut/Pois 0%         N/A       100%        3
 Lesser Beckoning         Tloc           0%         N/A       100%        3
 Mephitic Cloud           Conj/Pois/Air  0%         N/A       100%        3
 Portal Projectile        Hex/Tloc       0%         N/A       100%        3
 Spider Form              Tmut/Pois      0%         N/A       100%        3
 Summon Guardian Golem    Hex/Summ       0%         N/A       100%        3
 Teleport Other           Tloc           0%         N/A       100%        3
 Tukima's Dance           Hex            0%         N/A       100%        3
 Vampiric Draining        Necr           0%         2d6       100%        3
 Airstrike                Air            0%         2d(0-16)  100%        4
 Anguish                  Hex/Necr       0%         N/A       100%        4
 Animate Dead             Necr           0%         N/A       100%        4
 Dispel Undead            Necr           0%         3d6       100%        4
 Flame Wave               Conj/Fire      0%         2d4       100%        4
 Fulminant Prism          Conj/Hex       0%         3d5       100%        4
 Manifold Assault         Tloc           0%         N/A       100%        4
 Passage of Golubria      Tloc           0%         N/A       100%        4
 Petrify                  Tmut/Erth      0%         N/A       100%        4
 Sticky Flame             Conj/Fire      0%         2d3       100%        4
 Summon Lightning Spire   Summ/Air       0%         N/A       100%        4
 Alistair's Intoxication  Tmut/Pois      0%         N/A       100%        5
 Blade Hands              Tmut           0%         N/A       100%        5
 Borgnjor's Vile Clutch   Necr/Erth      0%         N/A       100%        5
 Fireball                 Conj/Fire      0%         3d3       100%        5
 Lightning Bolt           Conj/Air       0%         1d11      100%        5
 Metabolic Englaciation   Hex/Ice        0%         N/A       100%        5
 Silence                  Hex/Air        0%         N/A       100%        5
 Summon Forest            Summ/Tloc      0%         N/A       100%        5
 Summon Mana Viper        Hex/Summ       0%         N/A       100%        5
 Yara's Violent Unravell  Hex/Tmut       0%         3d3       100%        5
 Death Channel            Necr           0%         N/A       100%        6
 Dispersal                Tloc           0%         N/A       100%        6
 Eringya's Noxious Bog    Tmut/Pois      0%         N/A       100%        6
 Starburst                Conj/Fire      0%         6d3       100%        6
 Statue Form              Tmut/Erth      0%         N/A       100%        6
 Summon Cactus Giant      Summ           0%         N/A       100%        6
 Summon Hydra             Summ           0%         N/A       100%        7
 Disjunction              Tloc           0%         N/A       100%        8
 Ignition                 Fire           0%         3d3       100%        8
 Lehudib's Crystal Spear  Conj/Erth      0%         10d2      100%        8


Dungeon Overview and Level Annotations

Branches:
Dungeon (15/15)            Temple (1/1) D:5            Lair (5/5) D:9
 Shoals (4/4) Lair:3       Spider (4/4) Lair:2        Slime (0/5) Lair:4
    Orc (2/2) D:10            Elf (3/3) Orc:2        Vaults (5/5) D:13
  Crypt (0/3) Vaults:2     Depths (0/4) D:15         WizLab (visited)

Altars:
Ashenzari
Cheibriados
Dithmenos
Fedhas
Gozag
Hepliaklqana
Kikubaaqudgha
Makhleb
Nemelex Xobeh
Okawaru
Qazlal
Ru
Sif Muna
Trog
Uskayaw
Vehumet
Wu Jian
Xom
Yredelemnul
Jiyva

Shops:
D:12 [   D:15 *   Orc:2 =([[   Elf:3 ?   Shoals:1 (   Shoals:3 *   Vaults:4 =

Annotations:
Lair:4 1 runed translucent door
Elf:1 1 runed translucent door
Elf:2 1 runed translucent door


Innate Abilities, Weirdness & Mutations

You have a pair of large antennae on your head. (SInv)
You are completely covered in slimy green scales. (AC +4, rPois)
A powerful demonic guardian rushes to your aid.
You sometimes emit foul miasma when damaged in melee.
You are resistant to unholy torment.
You punish those that try to bend your will. (Will+)


Message History

The tentacled monstrosity barely misses you.
The tentacled monstrosity tentacle-slaps you but does no damage.
Your cacodemon hits the orc knight but does no damage.
Your cacodemon hits the orc knight.
The orc knight dies!
Qazlal accepts your kill.
A freezing mist starts to gather...
The war gargoyle hits you but does no damage.
The tengu reaver hits you but does no damage.
The tengu reaver pecks you but does no damage.
The tengu reaver claws you but does no damage.
An orc knight simulacrum comes into view.
You feel much better.
You hear a shout!
The swamp worm changes into a water nymph!
The war gargoyle launches metal splinters at you.
The spray of metal splinters hits you but does no damage.
The spray of metal splinters hits your cacodemon!!
The deep elf annihilator is engulfed in freezing vapours.
The deep elf annihilator gestures wildly while chanting.
The deep elf annihilator blinks!
The vault warden is engulfed in freezing vapours. x2
The tentacled monstrosity is engulfed in freezing vapours.
You block the tentacled monstrosity's attack.
The tentacled monstrosity tentacle-slaps you but does no damage. x2
The tentacled monstrosity constricts you.
* * * LOW HITPOINT WARNING * * *
The necromancer is engulfed in freezing vapours.
The deep elf high priest is engulfed in freezing vapours.
The water nymph is empowered by the deep elf high priest's aura!
The deep elf high priest calls down the wrath of its god upon you.
Something smites you!
* * * LOW HITPOINT WARNING * * *
The tentacled monstrosity is engulfed in freezing vapours.
The tentacled monstrosity tentacle-slaps you.
* * * LOW HITPOINT WARNING * * *
The tentacled monstrosity tentacle-slaps you but does no damage. x2
The deep elf annihilator gestures at you while chanting.
The crystal spear hits you!!!
You die...

.....#(...#
....#....# .
....#....##+.
......§§§.#
#####.§§§§§§.####
.....§§§p§§§.....
.....§9pXe§......
.....§X@Q§§......
....§§§§☼§.......
#####e§§Z2)..####
.§Cp§§)).......
#§m§#e...#.###.
..§§§#....#..[
##..#§#....# ###
.#.#.#....#
#....#


You could see 2 tentacled monstrosities, a frost giant (soul bound, empowered),
2 vault wardens, a tengu reaver (soul bound, empowered), 2 deep elf
annihilators, a war gargoyle (catching breath, ally target), a deep elf high
priest (soul bound, brilliance aura), a necromancer (empowered), a water nymph
shaped shifter (empowered), an orc knight simulacrum and a friendly cacodemon
(summoned).

Vanquished Creatures
  A dread lich (Vaults:4)
  Nikola (Spider:2)
  A bone dragon (Vaults:2)
  The ghost of Tuhajigi the Brawler, an adept TrFi of Okawaru (Vaults:3)
  Jorgrun (Shoals:2)
  Rupert (Spider:1)
  Mlioglotl (Shoals:1)
  3 quicksilver dragons
  2 deep elf blademasters
  2 deep elf master archers (Elf:3)
  3 krakens
  A titan (Vaults:4)
  A shadow dragon (Vaults:5)
  Polyphemus (Shoals:4)
  Frances (Lair:2)
  3 ancient champions (WizLab)
  The ghost of Musia the Eclecticist, an adept DjCj of Ashenzari (Spider:3)
  2 tengu reavers
  Kirke (Lair:3)
  A sphinx (Vaults:5)
  2 revenants (WizLab)
  A fire giant (D:15)
  Ilsuiw (Shoals:3)
  Roxanne (Elf:2)
  An iron dragon (Vaults:4)
  4 ghost moths
  4 emperor scorpions
  6 deep elf sorcerers
  10 vault wardens
  4 orc warlords
  2 caustic shrike zombies (WizLab)
  3 deep elf elementalists (Elf:3)
  2 stone giants
  5 broodmothers
  2 war gargoyles (Vaults:3)
  13 very ugly things
  17 ironbound preservers
  6 ironbound thunderhulks
  The ghost of qeuew the Basher, a journeyman HOFi of Gozag (Lair:3)
  A spectral titan (WizLab)
  10 deep elf annihilators
  10 deep elf demonologists
  Nessos (Orc:2)
  5 halazid warlocks (WizLab)
  14 dire elephants
  10 deep elf death magi
  An eidolon (WizLab)
  A merfolk javelineer (Shoals:2)
  A crystal guardian (Vaults:3)
  An entropy weaver (shapeshifter) (D:15)
  3 ettins
  11 merfolk impalers
  6 yaktaur captains
  Josephine (Lair:4)
  9 entropy weavers
  3 jiangshi (WizLab)
  5 deep elf high priests
  4 great orbs of eyes
  6 merfolk avatars
  2 peacekeepers
  29 vault guards
  8 hydras
  A catoblepas (Shoals:3)
  19 centaur warriors
  2 ogre magi
  10 ironbound frosthearts
  9 boulder beetles
  3 jorogumos
  4 merfolk aquamancers
  2 alligator snapping turtles (Shoals:4)
  2 radroaches (Spider:3)
  25 dancing weapons
  An alligator (shapeshifter) (Vaults:4)
  A satyr (Shoals:4)
  2 tengu warriors (D:15)
  9 two-headed ogres
  The ghost of sirJeffrey23 the Thaumaturge, a novice DrFE of Jiyva (D:8)
  An orc high priest (Elf:3)
  10 death yaks
  2 vampire magi (WizLab)
  19 deep elf knights
  7 pharaoh ants
  4 sun moths
  7 skeletal warriors
  3 flayed ghosts (WizLab)
  8 orb spiders
  10 sea snakes
  39 deep trolls
  13 steelbarb worms
  A wolf spider zombie (WizLab)
  12 lindwurms
  17 ironbound convokers
  Pikel (D:4)
  19 deep elf archers
  7 harpies (Shoals:2)
  8 phantasmal warriors
  7 orc knights
  36 deep elf pyromancers
  The ghost of billz999 the Skirmisher, a novice GnHu of Gozag (D:5)
  2 wizards (Vaults:4)
  2 necromancers (WizLab)
  6 orc sorcerers
  32 deep elf zephyrmancers
  A manticore (shapeshifter) (Elf:3)
  A spectral spriggan (WizLab)
  2 oklob plants
  12 manticores
  4 fauns (Shoals:2)
  7 ugly things
  3 cyclopes
  19 wolf spiders
  A black mamba (shapeshifter) (Elf:3)
  8 moths of wrath
  12 vault sentinels
  4 black mambas
  7 elephants (Lair:5)
  11 torpor snails
  6 water nymphs
  5 merfolk sirens
  2 gargoyles
  5 cane toads
  2 unseen horrors
  2 rime drakes (shapeshifter)
  9 komodo dragons
  5 rime drakes
  2 freezing wraiths
  3 unseen horror zombies (D:8)
  8 demonic crawlers
  An efreet (D:14)
  2 kobold demonologists (D:11)
  A tengu conjurer (D:14)
  31 yaktaurs
  A harpy zombie (WizLab)
  9 meliai
  25 merfolk
  7 trolls
  A polar bear (shapeshifter) (D:8)
  4 polar bears
  27 tarantellas
  13 wind drakes
  4 hornets
  A hornet (shapeshifter) (D:15)
  A wind drake (shapeshifter) (D:15)
  A blink frog (shapeshifter) (Elf:3)
  Grinder (D:6)
  Prince Ribbit (D:5)
  5 snapping turtles
  32 slime creatures
  17 blink frogs
  A spriggan zombie (WizLab)
  4 dream sheep (Shoals:2)
  A centaur simulacrum (D:14)
  8 air elementals
  10 flying skulls (WizLab)
  18 jumping spiders
  19 water elementals
  3 shadows
  3 wyverns
  8 wraiths
  46 yaks
  16 culicivoras
  2 vampires
  4 basilisks
  4 fire elementals
  2 hogs (Lair:3)
  A hog (shapeshifter) (D:14)
  A steam dragon (D:8)
  2 vampire mosquitoes (D:13)
  48 redbacks
  4 acid dragons
  4 wargs
  7 water moccasins
  5 black bears
  3 ice beasts
  38 orc warriors
  A hornet zombie (D:8)
  A sky beast (D:7)
  20 wolves
  11 ogres
  5 boggarts (Vaults:2)
  17 centaurs
  Blork the orc (D:5)
  A phantom (Temple)
  4 kobold brigands
  2 necrophages (D:8)
  16 bullfrogs
  2 earth elementals
  A gnoll sergeant (D:12)
  3 scorpions (Lair:2)
  6 wights (D:8)
  A wyvern zombie (D:8)
  5 killer bees (D:9)
  3 vampire bats (Lair:4)
  3 howler monkeys (D:9)
  4 electric eels (Lair:1)
  A human zombie (D:8)
  A hound (D:4)
  4 jellies
  2 centaur zombies (D:8)
  2 gnoll boudas
  18 orc priests
  10 iguanas
  Jessica (D:3)
  22 orc wizards
  2 hell rats (D:9)
  A killer bee zombie (D:8)
  2 howler monkey zombies (D:8)
  Robin (D:3)
  5 adders
  10 gnolls
  3 river rats (D:9)
  2 shadow imps
  2 white imps
  3 worms (Lair:2)
  3 dart slugs
  110 orcs
  15 ball pythons
  11 endoplasms
  4 giant cockroaches
  10 goblins
  10 hobgoblins
  9 quokkas
  6 bats
  3 frilled lizards
  16 kobolds
  A rat (D:1)
  6 tentacles
1612 creatures vanquished.

Vanquished Creatures (collateral kills)
  Zenata (Elf:2)
  A deep elf blademaster (Elf:3)
  An ancient champion (WizLab)
  A storm dragon (Shoals:4)
  Donald (Shoals:4)
  A deep elf sorcerer (Elf:3)
  A spectral caustic shrike (WizLab)
  2 ghost moths
  A war gargoyle (Vaults:4)
  2 ironbound preservers
  A deep elf annihilator (Elf:3)
  3 dire elephants
  2 merfolk impalers (Shoals:4)
  A quicksilver dragon zombie (WizLab)
  A deep elf high priest (Vaults:4)
  Harold (Orc:1)
  A merfolk javelineer (Shoals:4)
  A peacekeeper (Vaults:3)
  A vault guard (Vaults:4)
  A hydra (D:13)
  2 boulder beetles
  5 dancing weapons
  A merfolk aquamancer (Shoals:4)
  A deep elf knight (Elf:2)
  A spectral spark wasp (WizLab)
  A fire crab (shapeshifter) (D:11)
  A pharaoh ant (Spider:4)
  2 sea snakes
  A steelbarb worm (Spider:3)
  A deep troll (Vaults:1)
  A deep elf archer (Elf:1)
  2 orc knights
  3 deep elf pyromancers
  2 deep elf zephyrmancers (Elf:1)
  A lindwurm (Vaults:1)
  A wolf spider (Spider:4)
  A harpy (Lair:5)
  A spectral spriggan (WizLab)
  3 ugly things (Vaults:4)
  A cyclops (Shoals:4)
  A manticore (Shoals:1)
  3 merfolk sirens
  2 torpor snails (Spider:3)
  A vault sentinel (Vaults:5)
  2 demonic crawlers
  2 yaktaurs (Vaults:2)
  3 komodo dragons
  A spectral harpy (WizLab)
  5 meliai
  6 wind drakes
  10 merfolk
  A blink frog (Lair:5)
  2 jumping spiders (Spider:3)
  2 air elementals (Shoals:4)
  A basilisk (Lair:2)
  3 water elementals (Shoals:4)
  4 redbacks
  Edmund (D:5)
  An orc priest (D:10)
  A hobgoblin (D:3)
  A frilled lizard (D:3)
  2 goblins (D:3)
112 creatures vanquished.

Vanquished Creatures (others)
  2 deep elf knights (Elf:2)
  An ironbound convoker (Vaults:4)
  2 deep elf zephyrmancers (Elf:1)
  A demonic crawler (Spider:2)
  17 fungi
  167 plants
  25 tentacles
215 creatures vanquished.

Grand Total: 1939 creatures vanquished

Notes
Turn   | Place    | Note
-------+----------+-------------------------------------------
     0 | D:1      | jlumianski the Demonspawn Fighter began the quest for the
                  | Orb.
     0 | D:1      | Reached XP level 1. HP: 18/18 MP: 1/1
     8 | D:1      | Noticed a merfolk zombie
     9 | D:1      | Noticed a demonspawn zombie
   242 | D:1      | Gained mutation: You may rarely emit foul miasma when
                  | damaged in melee. [demonic ancestry]
   242 | D:1      | Reached XP level 2. HP: 20/24 MP: 2/2
   864 | D:2      | Gained mutation: A weak demonic guardian rushes to your
                  | aid. [demonic ancestry]
   864 | D:2      | Reached XP level 3. HP: 27/29 MP: 3/3
   919 | D:3      | Noticed Jessica
   932 | D:3      | Killed Jessica
  1016 | D:2      | Found a faded altar of an unknown god.
  1051 | D:2      | Gained mutation: You are partially covered in slimy green
                  | scales. (AC +2) [demonic ancestry]
  1051 | D:2      | Reached XP level 4. HP: 35/35 MP: 4/4
  1252 | D:3      | Found a shimmering altar of Xom.
  1948 | D:3      | Noticed Robin
  1963 | D:3      | Killed Robin
  2066 | D:3      | Reached XP level 5. HP: 27/39 MP: 5/5
  2073 | D:3      | Reached skill level 1 in Dodging
  2166 | D:5      | Entered Level 5 of the Dungeon
  2166 | D:5      | Noticed Pikel
  2166 | D:5      | Noticed a lemure
  2166 | D:5      | Noticed a lemure
  2166 | D:5      | Noticed a lemure
  2166 | D:5      | Noticed a lemure
  2173 | D:4      | Killed Pikel
  2174 | D:4      | Reached skill level 5 in Axes
  2174 | D:4      | Reached XP level 6. HP: 37/48 MP: 6/6
  2174 | D:4      | Gained mutation: You have a pair of small antennae on your
                  | head. [demonic ancestry]
  2174 | D:4      | Reached XP level 7. HP: 42/54 MP: 7/7
  2501 | D:3      | Identified the +3 ring mail of Pasosch {SInv}
  2998 | D:3      | Found a shadowy altar of Dithmenos.
  3183 | D:4      | Found a burning altar of Makhleb.
  3362 | D:4      | Identified a scroll of acquirement
  3362 | D:4      | Acquired the +11 crystal plate armour of Lugonu's Vengeance
                  | {rElec rN+ rCorr}
  3439 | D:5      | Reached XP level 8. HP: 39/61 MP: 8/8
  3879 | D:5      | Noticed Prince Ribbit
  3920 | D:5      | Killed Prince Ribbit
  3933 | D:5      | Found a transporter.
  3933 | D:5      | Noticed billz999's ghost (novice GnHu)
  3934 | D:5      | Identified the +8 giant club "Dragonbane" {vorpal, Will+++
                  | Str-4 SInv Stlth+}
  4011 | D:5      | Found a transporter.
  4013 | D:5      | Found a staircase to the Ecumenical Temple.
  4019 | D:5      | Noticed Blork the orc
  4021 | Temple   | Entered the Ecumenical Temple
  4025 | Temple   | Reached skill level 5 in Fighting
  4025 | Temple   | Reached skill level 1 in Stealth
  4077 | Temple   | Became a worshipper of Qazlal Stormbringer
  4118 | D:5      | Killed Blork the orc
  4403 | D:5      | Reached skill level 5 in Armour
  4684 | D:5      | Noticed Edmund
  4699 | D:5      | Killed Edmund
  4927 | D:5      | Killed billz999's ghost
  4928 | D:5      | Reached skill level 1 in Throwing
  4928 | D:5      | Gained mutation: A demonic guardian rushes to your aid.
                  | [demonic ancestry]
  4928 | D:5      | Reached XP level 9. HP: 60/68 MP: 9/9
  5067 | D:6      | Found a bloodstained altar of Trog.
  5071 | D:6      | Identified the +5 trident of Sunlight {vorpal, rC+ Int+3}
  5314 | D:6      | Reached skill level 1 in Invocations
  5316 | D:6      | Noticed Grinder
  5337 | D:6      | Killed Grinder
  5338 | D:6      | Reached skill level 1 in Polearms
  5338 | D:6      | Reached skill level 1 in Evocations
  6211 | D:9      | Reached * piety under Qazlal
  6230 | D:10     | Entered Level 10 of the Dungeon
  6279 | D:9      | Noticed a death yak
  6541 | D:8      | Found an ancient bone altar of Kikubaaqudgha.
  6560 | D:8      | Reached XP level 10. HP: 67/76 MP: 12/12
  6860 | D:8      | Reached ** piety under Qazlal
  7478 | D:8      | Found a runed translucent gate.
  7478 | D:8      | Found a runed translucent gate.
  7478 | D:8      | Found a runed translucent gate.
  7478 | D:8      | Noticed sirJeffrey23's ghost (novice DrFE)
  7480 | D:8      | Found a basalt altar of Yredelemnul.
  7492 | D:8      | Reached skill level 5 in Shields
  7492 | D:8      | Reached skill level 5 in Invocations
  7512 | D:8      | Killed sirJeffrey23's ghost
  8134 | D:9      | Gained mutation: You are mostly covered in slimy green
                  | scales. (AC +3) [demonic ancestry]
  8134 | D:9      | Reached XP level 11. HP: 79/84 MP: 15/15
  8230 | D:9      | Noticed a death yak
  8238 | D:9      | Noticed a death yak
  8242 | D:9      | Killed a death yak
  8254 | D:9      | Killed a death yak
  8261 | D:9      | Killed a death yak
  8330 | D:9      | Found a staircase to the Lair.
  8460 | D:9      | Paralysed by a hornet for 3 turns
  8467 | D:9      | Paralysed by a hornet for 3 turns
  8831 | D:10     | Reached skill level 10 in Axes
  8935 | D:9      | Reached skill level 5 in Evocations
  9369 | D:10     | Found a staircase to the Orcish Mines.
  9463 | D:10     | Found a hide-covered altar of Uskayaw.
  9610 | D:11     | Noticed a purple ugly thing
  9622 | D:10     | Killed a purple ugly thing
  9734 | D:10     | Noticed a two-headed ogre
  9745 | D:10     | Killed a two-headed ogre
 10184 | D:11     | a black mamba changed into a fire crab
 10184 | D:11     | Noticed a fire crab (shapeshifter)
 10188 | D:11     | Killed a fire crab
 10321 | D:12     | Noticed a sixfirhy
 10340 | D:11     | Reached *** piety under Qazlal
 10426 | D:11     | Noticed a two-headed ogre
 10434 | D:11     | Killed a two-headed ogre
 11051 | D:11     | Reached XP level 12. HP: 92/94 MP: 17/17
 11165 | D:12     | Found a broken altar of Ashenzari.
 12069 | D:12     | Noticed a two-headed ogre
 12082 | D:12     | Killed a two-headed ogre
 12562 | D:12     | Found Qebb's Armour Boutique.
 12697 | D:13     | Noticed a two-headed ogre
 12707 | D:13     | Killed a two-headed ogre
 12810 | D:13     | Noticed a five-headed hydra
 12813 | D:13     | Found a gate to the Vaults.
 12819 | D:13     | Killed a five-headed hydra
 12850 | D:14     | Noticed a centaur warrior
 12865 | D:14     | Killed a centaur warrior
 13770 | D:13     | Noticed a two-headed ogre
 13780 | D:13     | Killed a two-headed ogre
 14146 | Lair:1   | Entered Level 1 of the Lair of Beasts
 14199 | Lair:1   | Noticed a boulder beetle
 14223 | D:9      | Killed a boulder beetle
 14224 | D:9      | Reached XP level 13. HP: 89/101 MP: 19/19
 14303 | Lair:1   | Found an ancient bone altar of Kikubaaqudgha.
 14887 | Lair:1   | Reached **** piety under Qazlal
 15341 | Lair:2   | Noticed qeuew's ghost (journeyman HOFi)
 15381 | Lair:2   | Found a runed translucent gate.
 15381 | Lair:2   | Found a runed translucent gate.
 15381 | Lair:2   | Found a runed translucent gate.
 15441 | Lair:2   | Found a hole to the Spider Nest.
 16322 | Lair:2   | Reached skill level 10 in Fighting
 16342 | Lair:3   | Killed qeuew's ghost
 16597 | Lair:3   | Identified the +8 dagger "Impslayer" {flame, *Rage rPois
                  | rN+ rCorr}
 17055 | Lair:3   | Noticed Kirke
 17068 | Lair:3   | Killed Kirke
 17315 | Lair:3   | Found a staircase to the Shoals.
 17861 | Lair:4   | Gained mutation: You have a pair of antennae on your head.
                  | [demonic ancestry]
 17861 | Lair:4   | Reached XP level 14. HP: 110/110 MP: 17/21
 17928 | Lair:4   | Found a runed translucent door.
 17942 | Lair:5   | Entered Level 5 of the Lair of Beasts
 18014 | Lair:4   | Reached skill level 10 in Invocations
 18257 | Lair:4   | Noticed Josephine
 18269 | Lair:4   | Reached ***** piety under Qazlal
 18273 | Lair:4   | Killed Josephine
 18324 | Lair:4   | Reached skill level 10 in Armour
 18443 | Lair:4   | Found a viscous altar of Jiyva.
 18475 | Lair:4   | Noticed an acid blob
 18650 | Lair:4   | Identified the +0 plate armour of Polytheism {MP-9 Str+6}
 18771 | Lair:4   | Found a staircase to the Slime Pits.
 18771 | Lair:4   | Noticed an acid blob
 19236 | Lair:5   | Found the +8 trident of the Octopus King {venom, rElec
                  | rPois}
 19792 | Orc:1    | Entered Level 1 of the Orcish Mines
 19793 | Orc:1    | Noticed Harold
 19946 | Orc:1    | Killed Harold
 20094 | Orc:2    | Entered Level 2 of the Orcish Mines
 20099 | Orc:2    | Noticed Nessos
 20132 | Orc:2    | Found a staircase to the Elven Halls.
 20181 | Orc:2    | Noticed an orc warlord
 20183 | Orc:2    | Paralysed by an orc sorcerer for 4 turns
 20224 | Orc:1    | Killed an orc warlord
 20268 | Orc:2    | Reached XP level 15. HP: 119/119 MP: 23/23
 20277 | Orc:2    | Killed Nessos
 20651 | Orc:2    | Found Wivem's Jewellery Shoppe.
 21063 | Orc:2    | Found Geamux's Antique Weapon Boutique.
 21067 | Orc:2    | Found Qiykinug's Antique Armour Shop.
 21182 | Orc:2    | Found Bira's Armour Shop.
 21455 | Orc:1    | Reached skill level 10 in Shields
 21650 | Orc:2    | Bought a ring of see invisible for 225 gold pieces
 21650 | Orc:2    | Bought a ring of flight for 262 gold pieces
 21650 | Orc:2    | Bought a +4 ring of protection for 540 gold pieces
 21782 | Shoals:1 | Entered Level 1 of the Shoals
 21978 | Shoals:1 | Noticed a kraken
 22050 | Shoals:1 | Killed a kraken
 22210 | Shoals:1 | Noticed Mlioglotl
 22242 | Shoals:1 | Noticed a kraken
 22256 | Shoals:1 | Killed a kraken
 22319 | Shoals:1 | Found Oduv's Antique Weapon Boutique.
 22341 | Shoals:2 | Noticed Jorgrun
 23037 | Shoals:2 | Noticed a kraken
 23046 | Shoals:2 | Killed a kraken
 23397 | Shoals:2 | Killed Jorgrun
 23933 | Shoals:3 | Gained mutation: A powerful demonic guardian rushes to your
                  | aid. [demonic ancestry]
 23933 | Shoals:3 | Reached XP level 16. HP: 117/127 MP: 25/25
 23944 | Shoals:4 | Entered Level 4 of the Shoals
 23961 | Shoals:3 | Found Jonomm's Island Escapes.
 23998 | Shoals:3 | Bought a potion of invisibility for 120 gold pieces
 23998 | Shoals:3 | Bought a scroll of blinking for 112 gold pieces
 24343 | Shoals:3 | Reached skill level 10 in Evocations
 24430 | Shoals:3 | Noticed Ilsuiw
 24469 | Shoals:3 | Killed Ilsuiw
 25038 | Shoals:4 | Noticed Donald
 25051 | Shoals:4 | Reached skill level 15 in Axes
 25057 | Shoals:4 | Killed Donald
 25191 | Shoals:4 | Paralysed by an air elemental for 1 turns
 25193 | Shoals:4 | Paralysed by an air elemental for 1 turns
 25196 | Shoals:4 | Paralysed by an air elemental for 1 turns
 25202 | Shoals:4 | Paralysed by an air elemental for 1 turns
 25389 | Shoals:4 | Identified the +1 long sword of Saltpetre {spect, Drain
                  | rF+++ rC+ Int+3}
 25444 | Shoals:4 | Paralysed by an air elemental for 1 turns
 25745 | Shoals:4 | Acquired a manual of Shields
 25874 | Shoals:4 | Identified the +8 great sword "Gocyjidgh" {elec, Str+5
                  | Int+4}
 25911 | Shoals:4 | Noticed Polyphemus
 25928 | Shoals:4 | Killed Polyphemus
 26467 | Shoals:4 | Identified the +8 plate armour "Hyuwn" {Str+5 SInv}
 26504 | Shoals:4 | Noticed a storm dragon
 26514 | Shoals:4 | Killed a storm dragon
 26525 | Shoals:4 | Got a barnacled rune of Zot
 26717 | Shoals:1 | Killed Mlioglotl
 26917 | Spider:1 | Entered Level 1 of the Spider Nest
 26923 | Spider:1 | Noticed Frances
 26939 | Lair:2   | Killed Frances
 26982 | Spider:1 | Noticed Rupert
 26993 | Spider:1 | Killed Rupert
 27106 | Spider:1 | Gained mutation: You sometimes emit foul miasma when
                  | damaged in melee. [demonic ancestry]
 27106 | Spider:1 | Reached XP level 17. HP: 89/137 MP: 27/27
 27708 | Spider:1 | Reached ****** piety under Qazlal
 27946 | Spider:1 | You fall into a shaft and drop 1 floor!
 27946 | Spider:2 | Noticed Nikola
 27970 | Spider:2 | Killed Nikola
 29850 | Spider:4 | Entered Level 4 of the Spider Nest
 30238 | Spider:3 | Found a hide-covered altar of Uskayaw.
 30307 | Spider:3 | Found a runed translucent door.
 30308 | Spider:3 | Noticed Musia's ghost (adept DjCj)
 30507 | Spider:3 | Killed Musia's ghost
 30731 | Spider:4 | Reached skill level 15 in Shields
 30736 | Spider:4 | Gained mutation: You have a pair of large antennae on your
                  | head. (SInv) [demonic ancestry]
 30736 | Spider:4 | Reached XP level 18. HP: 120/146 MP: 28/28
 30765 | Spider:4 | HP: 4/146 [barbs]
 31907 | Spider:4 | Got a gossamer rune of Zot
 32611 | Vaults:1 | Entered Level 1 of the Vaults
 32748 | Vaults:1 | Found a magical portal.
 32758 | WizLab   | Entered Borgnjor's Mausoleum
 32918 | WizLab   | Reached skill level 15 in Invocations
 33447 | WizLab   | Gained mutation: You punish those that try to bend your
                  | will. (Will+) [demonic ancestry]
 33447 | WizLab   | Reached XP level 19. HP: 144/153 MP: 6/30
 34124 | Vaults:1 | Reached skill level 15 in Fighting
 34631 | Vaults:1 | Found a portal to a secret trove of treasure.
 34644 | Trove    | Entered a treasure trove
 34650 | Trove    | Found the +4 Cigotuvi's embrace {rMiasma Drain rN+}
 34657 | Trove    | Identified the +4 crystal plate armour of Metonepe {Fly}
 34658 | Trove    | Identified the +2 cloak of Vlad {SInv Stlth+}
 34660 | Trove    | Identified the +1 pair of boots of Dramatic Exits {Will++
                  | Str+2}
 34666 | Trove    | Identified the +1 pair of boots of the Pirate {-Tele rN+
                  | rCorr}
 34677 | Trove    | Identified the +1 pair of boots of the Chupacabra {Rampage
                  | rPois Str+3}
 34679 | Trove    | Identified the +1 pair of boots "Urghanust" {rF+ Int+4}
 35538 | D:15     | Entered Level 15 of the Dungeon
 36587 | D:15     | Acquired a manual of Armour
 36601 | D:15     | Found a staircase to the Depths.
 36880 | D:15     | Found Zin's Purification Station.
 38781 | Vaults:2 | Reached XP level 20. HP: 65/164 MP: 0/32
 39288 | Vaults:2 | Noticed a bone dragon
 39312 | Vaults:2 | Killed a bone dragon
 39456 | Vaults:2 | Identified the +1 plate armour of Urim {Will- Regen+ Str+5
                  | Dex-3}
 39921 | Vaults:2 | Found a staircase to the Crypt.
 40431 | Vaults:3 | Found a runed translucent door.
 40432 | Vaults:3 | Found a shimmering altar of Xom.
 40432 | Vaults:3 | Noticed Tuhajigi's ghost (adept TrFi)
 40469 | Vaults:3 | Killed Tuhajigi's ghost
 41990 | Vaults:4 | Found Lear's Jewellery Boutique.
 42117 | Vaults:4 | Reached skill level 15 in Armour
 42439 | Vaults:4 | Found the amulet of the Air {Inacc Air Fly rElec RMsl}
 42631 | Vaults:5 | Entered Level 5 of the Vaults
 42631 | Vaults:5 | Noticed a dread lich
 43548 | Vaults:4 | Identified the +3 arbalest "Pedwim" {flame, rElec Dex+2}
 43978 | Elf:1    | Entered Level 1 of the Elven Halls
 43978 | Elf:1    | Found a runed translucent gate.
 43978 | Elf:1    | Found a runed translucent gate.
 43978 | Elf:1    | Found a runed translucent gate.
 43978 | Elf:1    | Found a runed translucent gate.
 43978 | Elf:1    | Found a runed translucent gate.
 43978 | Elf:1    | Found a runed translucent gate.
 43979 | Elf:1    | Found a runed translucent door.
 43984 | Elf:1    | Gained mutation: You are resistant to unholy torment.
                  | [demonic ancestry]
 43984 | Elf:1    | Reached XP level 21. HP: 173/173 MP: 24/33
 43992 | Elf:1    | Found a runed translucent door.
 44904 | Elf:1    | Identified the +4 ring mail of Qidiats {rPois Str+6}
 45569 | Elf:3    | Entered Level 3 of the Elven Halls
 45570 | Elf:3    | Paralysed by an air elemental for 1 turns
 46288 | Elf:2    | Found a runed translucent door.
 46315 | Elf:2    | Found a runed translucent door.
 46378 | Elf:2    | Noticed Roxanne
 46394 | Elf:2    | Killed Roxanne
 46566 | Elf:2    | Noticed Zenata
 46585 | Elf:2    | Killed Zenata
 47308 | Elf:3    | Paralysed by an air elemental for 1 turns
 47697 | Elf:3    | Found Bumanub's Magic Scroll Boutique.
 47708 | Elf:3    | Bought a scroll of enchant armour for 90 gold pieces
 47708 | Elf:3    | Bought a scroll of brand weapon for 114 gold pieces
 47708 | Elf:3    | Bought a scroll of summoning for 114 gold pieces
 47708 | Elf:3    | Bought a scroll of brand weapon for 114 gold pieces
 47815 | Elf:3    | Paralysed by an air elemental for 1 turns
 47911 | Elf:3    | Identified the +2 leather armour of Divine Intervention
                  | {Str+2}
 48442 | Elf:3    | Gained mutation: You are completely covered in slimy green
                  | scales. (AC +4, rPois) [demonic ancestry]
 48442 | Elf:3    | Reached XP level 22. HP: 185/185 MP: 31/34
 48617 | Elf:3    | Identified the +8 trident "Xair" {speed, Contam rPois
                  | Str+7}
 48641 | Elf:3    | Identified the ring "Jinn" {Wiz rPois Will+ Int+7}
 48647 | Elf:3    | Identified the +9 dagger of Neinguec {vorpal, rF+ Will+
                  | Int+4}
 49392 | Elf:3    | Identified the ring "Bufehasa" {rF- Str+10 Int+6 Dex+7}
 49965 | Vaults:4 | Killed a dread lich
 50149 | Vaults:5 | Identified the +8 lajatang "Hilos" {drain, *Rage Fly rC++
                  | Str+4}
 50155 | Vaults:5 | Killed from afar by a deep elf annihilator

Illustrated notes

Levels and vault maps discovered:
D:1:      shiori_arrival_whats_in_store_for_you, layout_loops_ring
D:2:      layout_basic, ebering_ecumenical_altar_sacrificial
D:3:      layout_basic, xom_butterflies, mainiacjoe_overflow_swirl,
          uniq_jessica, uniq_robin
D:4:      minmay_angry_zag, layout_cave_pools, makhleb_blood_cavern_becter
D:5:      layout_loops_corners, minmay_temple_entry_mini_moons,
          gammafunk_ghost_smash, serial_park_tiny_2, minmay_misc_feat_diagonals,
          hangedman_decor_diamond_cutter, minmay_misc_feat_five,
          kennysheep_cross_bottleneck, uniq_prince_ribbit1, uniq_edmund,
          uniq_blork_the_orc, uniq_pikel
D:6:      layout_basic, trog_three_pillars_becter, mainiacjoe_overflow_paths,
          uniq_grinder
D:7:      minmay_thinvault, layout_rooms, mainiacjoe_overflow_small_starburst,
          uniq_menkaure
D:8:      minmay_inner_zag, layout_basic, lemuel_mausoleum_altar_kikubaaqudgha,
          nicolae_yredelemnul_ghost_church
D:9:      layout_stronghold, dpeg_lair_monsters
D:10:     layout_long_grid, nicolae_uskayaw_murder_on_the_dancefloor,
          david_orc_5
D:11:     layout_roguey
D:12:     layout_roguey, serial_shops, nicolae_shop_hallway_plus,
          grunt_ministairs_6, evilmike_ruin_ashenzari
D:13:     layout_gridville, erik_vaults_1
D:14:     minmay_open_boxes_in_corner, layout_long_grid, grunt_decor_arrowhead
D:15:     grunt_enter_depths_giant_problem, layout_loops_ring,
          nicolae_eternal_life, zin_purify
Temple:   nicolae_temple_hex_pool
Lair:1:   layout_regular_city, basic_altar, nzn_sisyphean_effort,
          serial_bayou_shore_a, grunt_megastairs_4, infiniplex_staircase_pool_2
Lair:2:   layout_concentric_octagons, nicolae_spider_entry_non_spiders,
          gammafunk_ghost_split, minivault_19, infiniplex_staircase_pool
Lair:3:   layout_regular_city, shoals_dummy_entry, lemuel_fruit_tree, uniq_kirke
Lair:4:   cheibrodos_lair_overgrown_chateau, layout_misc_corridors,
          slime_entry_2, roderic_batcave, uniq_josephine
Lair:5:   gammafunk_lair_ancient_temple, layout_hall_layers
Shoals:1: layout_shoals, nicolae_take_the_stairs, uniq_mlioglotl
Shoals:2: layout_shoals, uniq_jorgrun
Shoals:3: layout_shoals, nicolae_island_escapes, uniq_ilsuiw
Shoals:4: shoals_end_hellmonk_storm_palace [storm_palace_center_square,
          storm_palace_corner_narrow, storm_palace_corner_pillars,
          storm_palace_corner_pillars, storm_palace_corner_narrow],
          serial_shops, uniq_donald, uniq_polyphemus
Spider:1: layout_cave_pods, uniq_frances, uniq_rupert
Spider:2: layout_spider_delve, nicolae_spider_nook, uniq_nikola
Spider:3: layout_spider_delve, ebering_ghost_inner_flame,
          nicolae_spider_altar_of_dancing
Spider:4: hellmonk_spider_rune_bug_friends, nicolae_spider_not_touching_you
Orc:1:    layout_diamond_mine, basic_altar, uniq_harold
Orc:2:    grunt_orc_community_town_hall, layout_caves,
          grunt_orc_community_big_house_2, grunt_orc_community_big_house_1,
          grunt_orc_community_house_2, grunt_orc_community_house_1,
          grunt_orc_community_house_3, grunt_orc_community_house_2,
          grunt_orc_community_house_2, grunt_orc_community_house_2, basic_altar,
          uniq_nessos
Elf:1:    nicolae_elf_arrival_dilemma, layout_onion_city,
          minmay_elf_crystal_heptagon
Elf:2:    elven_hall_of_blades_hangedman_original
          [nicolae_blade_entry_splitting_headache], layout_loops_corners,
          palyth_stone_intersect, uniq_zenata, uniq_roxanne
Elf:3:    elf_hall, layout_gridlike, serial_shops, nicolae_shop_trees,
          nicolae_elf_big_sculpture_1
Vaults:1: mu_enter_wizlab_4, ontoclasm_vaults_decontamination,
          grunt_vaults_swirl, vaults_mumra_chevron, grunt_vaults_hallway_short,
          nicolae_vaults_asterisk, v_misc_28, hangedman_vaults_trim,
          nicolae_vaults_network_square, v_misc_14, v_misc_2,
          nicolae_vaults_little_squares_2, v_rooms_1,
          ontoclasm_vaults_ring_square, layout_vaults_maze, enter_trove_5
Vaults:2: nicolae_vaults_network_periphery, nicolae_vaults_little_squares_4,
          minmay_crypt_entry_nasty_monster, vaults_mumra_hexcomb,
          nicolae_vaults_hallways_thing, vaults_room_pools,
          nicolae_vaults_back_hallway, nicolae_vaults_big_ls, v_misc_1,
          v_misc_27, nicolae_vaults_little_squares_2, grunt_vaults_hallway_long,
          v_misc_14, vaults_room_grid, layout_vaults_ring
Vaults:3: ebering_ghost_xom, vaults_room_door_hall, v_pattern_4, v_misc_31,
          v_misc_33, nicolae_vaults_shelves_hall, ontoclasm_vaults_pinch,
          vaults_mumra_hex, layout_vaults_omnigrid
Vaults:4: nicolae_vaults_angled_halls, hangedman_vaults_slither,
          nicolae_vaults_little_squares_5, v_alt_pattern_2, v_misc_18,
          vaults_room_stairs_pillars, v_misc_3, nicolae_vaults_network_star,
          nicolae_vaults_yaktaur_gun_rack, vaults_room_stairs_pillars,
          ontoclasm_vaults_bender, nicolae_vaults_minivaults,
          layout_vaults_omnicross, serial_shops, shop
Vaults:5

Skill      XL: |  1  2  3  4  5  6  7  8  9 10 11 12 13 14 15 16 17 18 19 20 21 22 |
---------------+-------------------------------------------------------------------+-----
Shields        | 3 4 5 6 7 8 9 10 12 15 16 17 18 19 | 19.4
Axes           | 2 3 5 6 8 9 10 11 12 13 14 15 16 17 18 | 18.0
Armour         | 3 4 5 6 7 8 9 10 11 12 13 14 15 17 | 17.7
Dodging        | 1 2 |  2.0
Fighting       | 4 5 6 7 8 9 10 11 12 13 14 15 16 18 19 | 19.4
Stealth        | 1 |  1.5
Throwing       | 1 2 3 |  3.3
Invocations    | 3 5 7 8 9 11 12 13 14 15 16 17 18 | 18.6
Polearms       | 3 |  3.2
Evocations     | 3 4 5 6 8 9 10 11 12 13 | 13.9

Action                   |  1- 3 |  4- 6 |  7- 9 | 10-12 | 13-15 | 16-18 | 19-21 | 22-24 || total
-------------------------+-------+-------+-------+-------+-------+-------+-------+-------++-------
Melee: War axe           |    80 |    94 |   184 |       |       |       |       |       ||   358
       Trident           |       |       |    81 |     2 |    16 |       |       |       ||    99
       Broad axe         |       |       |    45 |   554 |   973 |  1184 |  1353 |   148 ||  4257
       Dagger            |       |       |       |       |       |     2 |       |       ||     2
Throw: Boomerang         |       |       |    13 |    15 |    17 |    48 |       |    10 ||   103
       Dart              |       |       |       |    11 |     5 |       |       |       ||    16
Invok: Upheaval          |       |       |       |     5 |     6 |    10 |     7 |     4 ||    32
       Elemental Force   |       |       |       |     1 |    10 |    10 |     8 |     2 ||    31
       Disaster Area     |       |       |       |       |       |     1 |       |       ||     1
Evoke: Wand              |       |       |       |     2 |       |     7 |       |       ||     9
       Phantom mirror    |       |       |       |       |       |     2 |     1 |       ||     3
       Tin of tremorston |       |       |       |       |       |       |       |     2 ||     2
       Condenser vane    |       |       |       |       |       |       |       |     1 ||     1
  Use: Scroll            |       |     6 |    10 |    10 |     6 |     9 |     4 |     3 ||    48
       Potion            |       |     2 |     3 |       |     1 |     5 |     1 |     2 ||    14
 Stab: Paralysed         |       |       |       |     1 |     2 |     3 |    10 |       ||    16
       Distracted        |       |       |       |       |       |     4 |     3 |       ||     7
Armor: Scale mail        |    47 |    59 |    23 |       |       |       |       |       ||   129
       Ring mail         |       |       |    12 |       |       |       |       |       ||    12
       Crystal plate arm |       |       |   198 |   628 |   896 |  1191 |   650 |   184 ||  3747
Dodge: Dodged            |    46 |    44 |    64 |    94 |   178 |   250 |   202 |    51 ||   929
       Repelled          |       |       |       |       |     4 |     5 |     8 |       ||    17
Block: Buckler           |    19 |    24 |    80 |   321 |   760 |    99 |       |       ||  1303
       Kite shield       |       |       |       |       |       |  1353 |  1097 |   221 ||  2671

Table legend: (Time is in decaauts)
 A = Elapsed time spent in this place.
 B = Non-inter-level travel time spent in this place.
 C = Inter-level travel time spent in this place.
 D = Time resting spent in this place.
 E = Time spent auto-exploring this place.
 F = Levels seen in this place.
 G = Mean time per level.
                   A        B        C        D        E       F      G
               +--------+--------+--------+--------+--------+-----+--------+
         Total |  50201 |  47831 |   2370 |   4996 |  23447 |  41 | 1224.4 |
       Dungeon |  17559 |  16526 |   1033 |   2100 |   8819 |  15 | 1170.6 |
        Temple |     92 |     92 |      0 |      0 |     44 |   1 |   92.0 |
          Lair |   5992 |   5740 |    252 |    421 |   3222 |   5 | 1198.4 |
        Shoals |   4915 |   4797 |    118 |    251 |   1333 |   4 | 1228.8 |
   Spider Nest |   5486 |   5424 |     62 |   1362 |   1818 |   4 | 1371.5 |
  Orcish Mines |   1863 |   1689 |    174 |      0 |    639 |   2 |  931.5 |
   Elven Halls |   5425 |   5074 |    351 |    142 |   2783 |   3 | 1808.3 |
        Vaults |   7748 |   7369 |    379 |    389 |   4665 |   5 | 1549.6 |
         Trove |     47 |     47 |      0 |      0 |      0 |   1 |   47.0 |
        Wizlab |   1070 |   1070 |      0 |    331 |    123 |   1 | 1070.0 |
               +--------+--------+--------+--------+--------+-----+--------+

Top non-repeatable levels by time:
Vaults:1: 2227 daAuts
   Elf:3: 2038 daAuts
Vaults:4: 1974 daAuts
Vaults:3: 1956 daAuts
     D:9: 1845 daAuts
Spider:3: 1821 daAuts
   Elf:2: 1803 daAuts
Spider:1: 1669 daAuts
    D:13: 1603 daAuts
   Elf:1: 1584 daAuts
Vaults:2: 1551 daAuts
  Lair:3: 1520 daAuts
     D:8: 1520 daAuts
     D:5: 1460 daAuts
Shoals:4: 1457 daAuts
